 Dungeon Crawl Stone Soup version 0.28-a0-479-g5baa6b73be (webtiles) character file.

Game seed: 6444613573803710882

277 marklar909 the Skirmisher (level 6, 0/51 HPs)
             Began as a Palentonga Abyssal Knight on Sept 18, 2021.
             Was a Believer of Lugonu.
             Succumbed to an orc wizard's poison
             ... on level 4 of the Dungeon.
             The game lasted 00:11:41 (5021 turns).

marklar909 the Skirmisher (PaAK)                    Turns: 5021, Time: 00:11:42

Health: 0/51       AC:  6    Str: 17    XL:     6   Next: 4%
Magic:  7/7        EV:  8    Int: 12    God:    Lugonu [**....]
Gold:   108        SH:  3    Dex: 10    Spells: 3/5 levels left

rFire   . . .      SeeInvis +   b - +0 flail
rCold   . . .      Faith    .   f - +0 buckler
rNeg    . . .      Spirit   .   e - +0 ring mail
rPois   .          Reflect  .   (no helmet)
rElec   .          Harm     .   (no cloak)
rCorr   .          Rampage  .   (no gloves)
Will    .....                   (no barding)
Stlth   ..........              (no amulet)
HPRegen 0.17/turn               (no ring)
MPRegen 0.10/turn               (no ring)

@: lethally poisoned (0 -> -7)
A: large, rugged brown scales 3, see invisible, deformed body, roll 1, armoured
tail
a: Rolling Charge, Renounce Religion, Depart the Abyss, Bend Space


You were on level 4 of the Dungeon.
You worshipped Lugonu.
Lugonu was pleased with you.
You visited 1 branch of the dungeon, and saw 4 of its levels.
You visited the Abyss 1 time.

You collected 108 gold pieces.

Inventory:

Hand Weapons
 a - a +1 hunting sling of freezing
 b - a +0 flail (weapon)
 j - a +1 mace
Missiles
 c - 67 stones
Armour
 e - a +0 ring mail (worn)
 f - a +0 buckler (worn)
Jewellery
 d - a ring of willpower
Scrolls
 g - a scroll of magic mapping
 i - a scroll of amnesia
 l - a scroll of teleportation {unknown}
 m - 2 scrolls of identify
 n - a scroll of noise {unknown}
Potions
 k - a potion of lignification {unknown}


   Skills:
 + Level 4.0 Fighting
 + Level 3.2 Maces & Flails
 + Level 2.2 Slings
 + Level 2.5 Armour
 + Level 1.3 Dodging
 + Level 0.1 Stealth
 + Level 0.1 Shields
 + Level 2.6 Invocations


You had 3 spell levels left.
You knew the following spells:

 Your Spells              Type           Power      Damage    Failure   Level
a - Wereblood             Tmut           0%         N/A       83%         2

Your spell library contained the following spells:

 Spells                   Type           Power      Damage    Failure   Level
 Sublimation of Blood     Necr           0%         N/A       83%         2
 Portal Projectile        Hex/Tloc       0%         N/A       96%         3
 Blade Hands              Tmut           0%         N/A       100%        5
 Excruciating Wounds      Necr           0%         N/A       100%        5
 Summon Hydra             Summ           0%         N/A       100%        7


Dungeon Overview and Level Annotations

Branches:
Dungeon (4/15)
 Temple: D:4-7

Altars:

Shops:
D:3 [

Annotations:
D:2 1 runed translucent door, Crazy Yiuf


Innate Abilities, Weirdness & Mutations

You are completely covered in rugged brown scales. (AC +3, +7% HP)
You have supernaturally acute eyesight. (SInv)
Armour fits poorly on your strangely shaped body.
You can roll at nearby foes to attack.
You have a long armoured tail.


Message History

You resist with some effort.
You closely miss the orc wizard.
The orc wizard is heavily wounded.
The orc wizard points at you and mumbles some strange words.
The magic dart hits you!
You closely miss the orc wizard.
The orc wizard is heavily wounded.
The orc wizard hits you but does no damage.
You are poisoned.
The orc wizard hits you with a +1 dagger of venom.
You barely miss the orc wizard.
Your tail-slap misses the orc wizard.
The orc wizard is heavily wounded.
You feel very sick. You block the orc wizard's attack.
You barely miss the orc wizard.
The orc wizard is heavily wounded.
You feel sick. The orc wizard casts a spell at you.
You resist with some effort.
You closely miss the orc wizard.
Your tail-slap misses the orc wizard.
The orc wizard is heavily wounded.
You feel sick.
The orc wizard gestures at you while chanting.
You are confused.
The orc wizard hits you with a +1 dagger of venom.
* * * LOW HITPOINT WARNING * * *
You are lethally poisoned!
* * * LOW HITPOINT WARNING * * *
You feel very sick.
It was a potion of curing.
You feel better.
The orc wizard hits you with a +1 dagger of venom.
* * * LOW HITPOINT WARNING * * *
You are lethally poisoned!
* * * LOW HITPOINT WARNING * * *
You feel very sick.
* * * LOW HITPOINT WARNING * * *
You feel sick.
* * * LOW HITPOINT WARNING * * *
You feel sick.
You die...

#.# #..##.# ## #.#
#.....# #.# #.##### #.#
###.# #.###.#.# #.##.#..#
####.#.###.########
#####.....## ##........
#.....@....###.....####
#.###.#####(#..........
###.###o######.#.###.####
...........# ###.# [#
####.##.##.# #.# # #
#.##)# #.# #...(# #.#
####.# #.# #.# #.#


You could see an orc wizard (invisible).

Vanquished Creatures
  A scorpion (D:4)
  A hound skeleton (D:3)
  7 gnolls
  4 adders
  3 dart slugs
  4 worms
  11 orcs
  4 ball pythons
  2 bats (D:2)
  6 endoplasms
  5 giant cockroaches
  4 hobgoblins
  8 kobolds
  3 quokkas
  4 frilled lizards
  5 goblins
  7 rats
79 creatures vanquished.

Notes
Turn   | Place    | Note
-------+----------+-------------------------------------------
     0 | Abyss:1  | marklar909 the Palentonga Abyssal Knight began the quest
                  | for the Orb.
     0 | Abyss:1  | Reached XP level 1. HP: 19/19 MP: 2/2
    23 | Abyss:1  | Found a corrupted altar of Lugonu.
    72 | Abyss:1  | Noticed a flying skull
    74 | Abyss:1  | Noticed a wretched star
    75 | D:1      | Escaped the Abyss
   419 | D:1      | Reached XP level 2. HP: 25/25 MP: 3/3
  1058 | D:2      | Reached XP level 3. HP: 31/31 MP: 4/4
  1066 | D:2      | Reached * piety under Lugonu
  1853 | D:2      | Found a runed translucent door.
  1854 | D:2      | Noticed Crazy Yiuf
  2164 | D:2      | Found a faded altar of an unknown god.
  2815 | D:2      | Reached XP level 4. HP: 38/38 MP: 5/5
  2838 | D:2      | Reached skill level 1 in Dodging
  4206 | D:3      | Reached XP level 5. HP: 44/44 MP: 6/6
  4233 | D:3      | Reached ** piety under Lugonu
  4328 | D:3      | Reached skill level 1 in Slings
  4347 | D:3      | Found Bekkegas's Armour Shop.
  4797 | D:3      | Learned a level 2 spell: Wereblood
  4810 | D:4      | Reached skill level 4 in Fighting
  4986 | D:4      | Reached XP level 6. HP: 51/51 MP: 7/7
  5020 | D:4      | HP: 2/51 [poisoned by an orc wizard]
  5021 | D:4      | Succumbed to an orc wizard's poison

Illustrated notes

Levels and vault maps discovered:
D:1:      dpeg_arrival_arbitrary_a, layout_basic
D:2:      layout_basic, basic_ecumenical_altar, uniq_crazy_yiuf_cottage
D:3:      layout_rooms, serial_rivers, chequers_serial_rivers_micro_a,
          chequers_serial_rivers_micro_a, chequers_serial_rivers_large_a,
          chequers_serial_rivers_small_a, chequers_serial_rivers_micro_c,
          chequers_serial_rivers_small_a, serial_shops, shop
D:4:      layout_loops_ring, worldfamousw_hep_ancestral_shrine,
          minmay_temple_entry_grid, chequers_avenue

Skill      XL: |  1  2  3  4  5 |
---------------+----------------+-----
Armour         | 2 |  2.5
Maces & Flails | 3 |  3.2
Dodging        | 1 |  1.3
Slings         | 2 |  2.2
Fighting       | 4 |  4.0
Stealth        | |  0.1
Shields        | |  0.1
Invocations    | |  2.6

Action                   |  1- 3 |  4- 6 || total
-------------------------+-------+-------++-------
Melee: Mace              |    84 |    13 ||    97
       Tailslap          |     5 |     8 ||    13
       Flail             |       |    55 ||    55
 Fire: Hunting sling     |    16 |    91 ||   107
Throw: Stone             |     3 |       ||     3
Invok: Depart the Abyss  |     1 |       ||     1
 Abil: Rolling Charge    |     1 |     1 ||     2
  Use: Scroll            |     3 |       ||     3
       Potion            |       |     1 ||     1
Armor: Ring mail         |    40 |    37 ||    77
Dodge: Dodged            |    31 |    25 ||    56
Block: Buckler           |     6 |    10 ||    16

Table legend: (Time is in decaauts)
 A = Elapsed time spent in this place.
 B = Non-inter-level travel time spent in this place.
 C = Inter-level travel time spent in this place.
 D = Time resting spent in this place.
 E = Time spent auto-exploring this place.
 F = Levels seen in this place.
 G = Mean time per level.
                   A        B        C        D        E       F      G
               +--------+--------+--------+--------+--------+-----+--------+
         Total |   5107 |   4739 |    368 |   1043 |   2613 |   5 | 1021.4 |
       Dungeon |   5032 |   4664 |    368 |   1043 |   2613 |   4 | 1258.0 |
         Abyss |     75 |     75 |      0 |      0 |      0 |   1 |   75.0 |
               +--------+--------+--------+--------+--------+-----+--------+

Top non-repeatable levels by time:
     D:2: 2241 daAuts
     D:1: 1589 daAuts
     D:3: 974 daAuts
     D:4: 226 daAuts
 Abyss:1: 75 daAuts
